NCAA
BOSTON COLLEGE EAGLES @ TEXAS TECH RED RAIDERS
04/20/2030
 
TOP OF THE 1ST
Boston College Eagles batting - Pitching for Texas Tech Red Raiders : RHP Chris Hamilton
Pitching: RHP Chris Hamilton
Batting: RHB Shawn Hanner 0-0: Called Strike
0-1: Ball
1-1: Ball
2-1: Ball
3-1: Base on Balls
Batting: SHB Marvin MacGeoch 0-0: Ball
1-0: Ball
2-0: Called Strike
2-1: Fielders Choice at 2nd, 3-6 (Groundball, 3)
Batting: RHB Jim Banks 0-0: Ball
1-0: Foul Ball, location: 2F
1-1: Foul Ball, location: 2F
1-2: Ball
2-2: Grounds into double play, 5-4-3 (Groundball, 5)
Top of the 1st over - 0 runs, 0 hits, 0 errors, 0 left on base; Boston College 0 - Texas Tech 0
BOTTOM OF THE 1ST
Texas Tech Red Raiders batting - Pitching for Boston College Eagles : RHP Bob Barry
Pitching: RHP Bob Barry
Batting: RHB Terrence Schneider 0-0: Called Strike
0-1: Ball
1-1: Bunted foul
1-2: Ball
2-2: Ball
3-2: Base on Balls
Batting: RHB Júlio Gómez 0-0: Foul Ball, location: 2F
0-1: Ball
1-1: Ball
2-1: Swinging Strike
2-2: SINGLE (Flyball, 89M)
Terrence Schneider to second
Runner from 2nd tries for 3rd, OUT!
Batting: LHB Marshall Dunn 0-0: Foul Ball, location: 2F
0-1: Ball
1-1: SINGLE (Flyball, 8LS)
Júlio Gómez to second
Batting: SHB Manuel Hernández 0-0: Ball
1-0: Ball
2-0: Foul Ball, location: 2F
2-1: Swinging Strike
2-2: Strikes out looking
Batting: SHB Lee Oliver 0-0: Ground out 3-1 (Groundball, 34)
Bottom of the 1st over - 0 runs, 2 hits, 0 errors, 2 left on base; Boston College 0 - Texas Tech 0
TOP OF THE 2ND
Boston College Eagles batting - Pitching for Texas Tech Red Raiders : RHP Chris Hamilton
Batting: RHB Steve Neal 0-0: Foul Ball, location: 2F
0-1: Foul Ball, location: 2F
0-2: Ball
1-2: Ball
2-2: Ball
3-2: Strikes out swinging
Batting: SHB Walt Gómez 0-0: Ground out 1-3 (Groundball, 13S)
Batting: LHB Porter Butler 0-0: Ball
1-0: Ball
2-0: Ball
3-0: Called Strike
3-1: Foul Ball, location: 2F
3-2: Strikes out looking
Top of the 2nd over - 0 runs, 0 hits, 0 errors, 0 left on base; Boston College 0 - Texas Tech 0
BOTTOM OF THE 2ND
Texas Tech Red Raiders batting - Pitching for Boston College Eagles : RHP Bob Barry
Batting: RHB Lorenzo Hernández 0-0: Foul Ball, location: 2F
0-1: Ball
1-1: Ball
2-1: Called Strike
2-2: Strikes out looking
Batting: RHB Bobby Santiago 0-0: Fly out, F7 (Flyball, 7)
Batting: RHB Johnathan Williams 0-0: Ball
1-0: Ball
2-0: Foul Ball, location: 2F
2-1: Ball
3-1: Ground out 6-3 (Groundball, 6S)
Bottom of the 2nd over - 0 runs, 0 hits, 0 errors, 0 left on base; Boston College 0 - Texas Tech 0
TOP OF THE 3RD
Boston College Eagles batting - Pitching for Texas Tech Red Raiders : RHP Chris Hamilton
Batting: RHB Fernando Rosales 0-0: Foul Ball, location: 2F
0-1: Called Strike
0-2: Ball
1-2: Strikes out swinging
Batting: SHB Héctor Arteago 0-0: Called Strike
0-1: Ball
1-1: Foul Ball, location: 2F
1-2: Ground out 4-3 (Groundball, 4)
Batting: RHB Chris West 0-0: Ball
1-0: Ball
2-0: Ball
3-0: Base on Balls
Batting: RHB Shawn Hanner 0-0: Called Strike
0-1: Ball
1-1: Called Strike
1-2: Strikes out looking and he ARGUES THE CALL AND IS TOSSED!
Top of the 3rd over - 0 runs, 0 hits, 0 errors, 1 left on base; Boston College 0 - Texas Tech 0
BOTTOM OF THE 3RD
Texas Tech Red Raiders batting - Pitching for Boston College Eagles : RHP Bob Barry
Now in CF: John Clement
Batting: RHB Alexander McMillan 0-0: Ball
1-0: Fly out, F8 (Flyball, 8LM)
Batting: RHB Terrence Schneider 0-0: Called Strike
0-1: Ball
1-1: Foul Ball, location: 2F
1-2: Fly out, F9 (Flyball, 9)
Batting: RHB Júlio Gómez 0-0: Ball
1-0: Ball
2-0: Swinging Strike
2-1: Swinging Strike
2-2: Strikes out swinging
Bottom of the 3rd over - 0 runs, 0 hits, 0 errors, 0 left on base; Boston College 0 - Texas Tech 0
TOP OF THE 4TH
Boston College Eagles batting - Pitching for Texas Tech Red Raiders : RHP Chris Hamilton
Batting: SHB Marvin MacGeoch 0-0: Ball
1-0: Called Strike
1-1: Foul Ball, location: 2F
1-2: Foul Ball, location: 2F
1-2: Strikes out swinging
Batting: RHB Jim Banks 0-0: Foul Ball, location: 2F
0-1: Called Strike
0-2: Strikes out swinging
Batting: RHB Steve Neal 0-0: Foul Ball, location: 2F
0-1: Ball
1-1: Foul Ball, location: 2F
1-2: Strikes out swinging
Top of the 4th over - 0 runs, 0 hits, 0 errors, 0 left on base; Boston College 0 - Texas Tech 0
BOTTOM OF THE 4TH
Texas Tech Red Raiders batting - Pitching for Boston College Eagles : RHP Bob Barry
Batting: LHB Marshall Dunn 0-0: Ball
1-0: Ball
2-0: Called Strike
2-1: Ball
3-1: Swinging Strike
3-2: Base on Balls
Batting: SHB Manuel Hernández 0-0: Swinging Strike
0-1: Grounds into double play, 1-6-3 (Groundball, 13)
Batting: SHB Lee Oliver 0-0: Ball
1-0: Fly out, F8 (Flyball, 78M)
Bottom of the 4th over - 0 runs, 0 hits, 0 errors, 0 left on base; Boston College 0 - Texas Tech 0
TOP OF THE 5TH
Boston College Eagles batting - Pitching for Texas Tech Red Raiders : RHP Chris Hamilton
Batting: SHB Walt Gómez 0-0: Called Strike
0-1: Foul Ball, location: 2F
0-2: Ball
1-2: SINGLE (Flyball, 78M)
Batting: LHB Porter Butler 0-0: Ball
1-0: Fly out, F9 (Flyball, 89S)
Batting: RHB Fernando Rosales 0-0: Ball
1-0: Reached on error, E6 (Groundball, 6)
Walt Gómez to second
Batting: SHB Héctor Arteago 0-0: Called Strike
0-1: Ball
1-1: Called Strike
1-2: Ball
2-2: SINGLE (Flyball, 89S)
Walt Gómez to third
Fernando Rosales to second
Runner from 3rd tries for Home, throw and OUT!
Batting: RHB Chris West 0-0: Ball
1-0: Called Strike
1-1: Called Strike
1-2: Foul Ball, location: 2F
1-2: Foul Ball, location: 2F
1-2: Ball
2-2: SINGLE (Line Drive, 8LS)
Fernando Rosales to third
Héctor Arteago to second
Runner from 3rd tries for Home, SAFE, no throw
Batting: LHB John Clement 0-0: Called Strike
0-1: Swinging Strike
0-2: Ball
1-2: Fielders Choice at 2nd, 6-4 (Groundball, 6)
Top of the 5th over - 1 run, 3 hits, 1 error, 2 left on base; Boston College 1 - Texas Tech 0
BOTTOM OF THE 5TH
Texas Tech Red Raiders batting - Pitching for Boston College Eagles : RHP Bob Barry
Batting: RHB Lorenzo Hernández 0-0: Called Strike
0-1: Fly out, F8 (Flyball, 8LM)
Batting: RHB Bobby Santiago 0-0: Foul Ball, location: 2F
0-1: SINGLE (Groundball, 4MD)
Batting: RHB Johnathan Williams 0-0: Called Strike
0-1: Foul Ball, location: 2F
0-2: Fly out, F9 (Line Drive, 9)
Batting: RHB Alexander McMillan 0-0: Called Strike
0-1: Ball
1-1: Fly out, F8 (Flyball, 8LD)
Bottom of the 5th over - 0 runs, 1 hit, 0 errors, 1 left on base; Boston College 1 - Texas Tech 0
TOP OF THE 6TH
Boston College Eagles batting - Pitching for Texas Tech Red Raiders : RHP Chris Hamilton
Batting: SHB Marvin MacGeoch 0-0: Called Strike
0-1: Fly out, F7 (Flyball, 78M)
Pitching: RHP Willis Ladner
Batting: RHB Jim Banks 0-0: Called Strike
0-1: Swinging Strike
0-2: Strikes out looking
Batting: RHB Steve Neal 0-0: Called Strike
0-1: Called Strike
0-2: Ball
1-2: Ground out U3 (Groundball, 34S)
Top of the 6th over - 0 runs, 0 hits, 0 errors, 0 left on base; Boston College 1 - Texas Tech 0
BOTTOM OF THE 6TH
Texas Tech Red Raiders batting - Pitching for Boston College Eagles : RHP Bob Barry
Batting: RHB Terrence Schneider 0-0: Ball
1-0: Foul Ball, location: 2F
1-1: Ball
2-1: Foul Ball, location: 2F
2-2: Strikes out looking
Batting: RHB Júlio Gómez 0-0: Called Strike
0-1: Swinging Strike
0-2: Ball
1-2: Ball
2-2: Foul Ball, location: 2F
2-2: Ground out U3 (Groundball, 34)
Batting: LHB Marshall Dunn 0-0: Ball
1-0: Ball
2-0: Fly out, F8 (Flyball, 8LXD)
Bottom of the 6th over - 0 runs, 0 hits, 0 errors, 0 left on base; Boston College 1 - Texas Tech 0
TOP OF THE 7TH
Boston College Eagles batting - Pitching for Texas Tech Red Raiders : RHP Willis Ladner
Batting: SHB Walt Gómez 0-0: Called Strike
0-1: Called Strike
0-2: Foul Ball, location: 2F
0-2: Ball
1-2: Strikes out looking
Batting: LHB Porter Butler 0-0: Called Strike
0-1: Ball
1-1: Foul Ball, location: 2F
1-2: Fly out, F8 (Flyball, 8RD)
Batting: RHB Fernando Rosales 0-0: Called Strike
0-1: SINGLE (Line Drive, 7S)
Batting: SHB Héctor Arteago 0-0: Ball
1-0: Swinging Strike
1-1: Called Strike
1-2: Ball
2-2: Foul Ball, location: 2F
2-2: SINGLE (Groundball, 34D)
Fernando Rosales to second
Runner from 2nd tries for 3rd, SAFE, throw made to third
Pinch Hitting: SHB Juan Ibarra 0-0: Called Strike
0-1: Ball
1-1: Ball
2-1: Ball
3-1: Foul Ball, location: 2F
3-2: Base on Balls
Héctor Arteago to second
Batting: LHB John Clement 0-0: Foul Ball, location: 2F
0-1: Ball
1-1: Ball
2-1: Foul Ball, location: 2F
2-2: Ball
3-2: Base on Balls
Fernando Rosales scores
Héctor Arteago to third
Juan Ibarra to second
Batting: SHB Marvin MacGeoch 0-0: Ground out 4-3 (Groundball, 34)
Top of the 7th over - 1 run, 2 hits, 0 errors, 3 left on base; Boston College 2 - Texas Tech 0
BOTTOM OF THE 7TH
Texas Tech Red Raiders batting - Pitching for Boston College Eagles : RHP Bob Barry
Now at 2B: Johnny Robertson
Batting: SHB Manuel Hernández 0-0: SOLO HOME RUN (Flyball, 9LD), Distance : 317 ft
Batting: SHB Lee Oliver 0-0: Foul Ball, location: 2F
0-1: Foul Ball, location: 2F
0-2: Ball
1-2: Ball
2-2: Strikes out swinging
Pitching: RHP Bobby Moody
Batting: RHB Lorenzo Hernández 0-0: Ball
1-0: SINGLE (Groundball, 6D)
Batting: RHB Bobby Santiago 0-0: Ball
1-0: Fly out, F4 (Popup, 4)
Batting: RHB Johnathan Williams 0-0: Ball
1-0: SINGLE (Flyball, 78S)
Lorenzo Hernández to second
Batting: RHB Alexander McMillan 0-0: Ball
1-0: Ball
2-0: Called Strike
2-1: Ball
3-1: Base on Balls
Lorenzo Hernández to third
Johnathan Williams to second
Batting: RHB Terrence Schneider 0-0: Ball
1-0: Swinging Strike
1-1: Ball
2-1: Ball
3-1: Called Strike
3-2: Ground out 1-3 (Groundball, 15S)
Bottom of the 7th over - 1 run, 3 hits, 0 errors, 3 left on base; Boston College 2 - Texas Tech 1
TOP OF THE 8TH
Boston College Eagles batting - Pitching for Texas Tech Red Raiders : RHP Willis Ladner
Batting: RHB Jim Banks 0-0: Called Strike
0-1: Called Strike
0-2: Ball
1-2: Foul Ball, location: 2F
1-2: Ball
2-2: Foul Ball, location: 2F
2-2: Strikes out swinging
Batting: RHB Steve Neal 0-0: Ball
1-0: Called Strike
1-1: Foul Ball, location: 2F
1-2: Ball
2-2: SINGLE (Flyball, 89S)
Batting: SHB Walt Gómez 0-0: SINGLE (Line Drive, 89M)
Steve Neal to second
Pitching: RHP Mario Montés
Batting: LHB Porter Butler 0-0: Called Strike
0-1: Called Strike
0-2: Foul Ball, location: 2F
0-2: Foul Ball, location: 2F
0-2: Strikes out looking
Batting: RHB Fernando Rosales 0-0: Called Strike
0-1: SINGLE (Line Drive, 78S)
Steve Neal to third
Walt Gómez to second
Runner from 3rd tries for Home, SAFE, throw made home
Batting: SHB Héctor Arteago 0-0: Ball
1-0: Called Strike
1-1: Foul Ball, location: 2F
1-2: Ball
2-2: Foul Ball, location: 2F
2-2: Ground out U3 (Groundball, 3L)
Top of the 8th over - 1 run, 3 hits, 0 errors, 2 left on base; Boston College 3 - Texas Tech 1
BOTTOM OF THE 8TH
Texas Tech Red Raiders batting - Pitching for Boston College Eagles : RHP Bobby Moody
Batting: RHB Júlio Gómez 0-0: TRIPLE (Flyball, 9LD)
Pitching: LHP Ken Byrd
Batting: LHB Marshall Dunn 0-0: Ball
1-0: Ball
2-0: Ball
3-0: Called Strike
3-1: Foul Ball, location: 2F
3-2: Foul Ball, location: 2F
3-2: Base on Balls
Pitching: LHP Mariano García
Pinch Hitting: RHB Zander von Strantz 0-0: Called Strike
0-1: 3-RUN HOME RUN (Flyball, 7D), Distance : 358 ft
Batting: SHB Lee Oliver 0-0: Ball
1-0: Foul Ball, location: 2F
1-1: Foul Ball, location: 2F
1-2: Ball
2-2: Ground out 3-1 (Groundball, 34)
Batting: RHB Lorenzo Hernández 0-0: Ball
1-0: Called Strike
1-1: Ground out U3 (Groundball, 34S)
Batting: RHB Bobby Santiago 0-0: Foul Ball, location: 2F
0-1: Ball
1-1: Called Strike
1-2: Ball
2-2: Strikes out swinging
Bottom of the 8th over - 3 runs, 2 hits, 0 errors, 0 left on base; Boston College 3 - Texas Tech 4
TOP OF THE 9TH
Boston College Eagles batting - Pitching for Texas Tech Red Raiders : RHP Mario Montés
Pitching: RHP Arnie Zapata
Now in LF: Zander von Strantz
Batting: RHB Johnny Robertson 0-0: Ball
1-0: Swinging Strike
1-1: Ball
2-1: Swinging Strike
2-2: Strikes out swinging
Batting: LHB John Clement 0-0: Called Strike
0-1: Ball
1-1: Called Strike
1-2: Ball
2-2: Ball
3-2: Strikes out swinging
Batting: SHB Marvin MacGeoch 0-0: Ball
1-0: Ball
2-0: Foul Ball, location: 2F
2-1: Swinging Strike
2-2: Strikes out swinging
Top of the 9th over - 0 runs, 0 hits, 0 errors, 0 left on base; Boston College 3 - Texas Tech 4
Saturday, April 7th, 2018 - OOTP Baseball 18.8 Build 76